 Dungeon Crawl Stone Soup version 0.30-b1-2-g02819fbbbe (webtiles) character file.

Game seed: 16545893489128714401

32 LLlMATKO the Chopper (level 3, 0/49 HPs)
             Began as a Minotaur Berserker on Aug 28, 2023.
             Was a Follower of Trog.
             Slain by a quokka (2 damage)
             ... on level 2 of the Dungeon.
             The game lasted 00:00:37 (700 turns).

LLlMATKO the Chopper (Minotaur Berserker)            Turns: 700, Time: 00:00:38

Health: 0/49       AC:  2    Str: 23    XL:     3   Next: 10%
Magic:  2/2        EV: 12    Int:  4    God:    Trog [*.....]
Gold:   57         SH:  0    Dex:  9    Spells: 2/2 levels left

rFire   . . .        a - +0 hand axe
rCold   . . .        (no shield)
rNeg    . . .        b - +0 animal skin
rPois   .            (helmet restricted)
rElec   .            (no cloak)
rCorr   .            (no gloves)
SInv    .            (no boots)
Will    .....        g - amulet of regeneration Stlth
                     (no ring)
HPRegen 1.08/turn    (no ring)
MPRegen 0.08/turn

%: no passive effects
@: berserking, very quick
A: horns 2, retaliatory headbutt
a: Renounce Religion, Berserk


You were on level 2 of the Dungeon.
You worshipped Trog.
Trog was aware of your devotion.
You visited 1 branch of the dungeon, and saw 2 of its levels.

You collected 57 gold pieces.

Inventory:

Hand Weapons
 a - a +0 hand axe (weapon)
Missiles
 h - 7 poisoned darts (quivered)
Armour
 b - a +0 animal skin (worn)
Jewellery
 g - an amulet of regeneration (around neck)
 k - the amulet "Wecomnax" {RegenMP rPois Int-3 Dex+2}
   (You found it on level 2 of the Dungeon)

   [amulet of magic regeneration]

   It increases your rate of magic regeneration.
   Int:       It affects your intelligence (-3).
   Dex:       It affects your dexterity (+2).
   rPois:     It protects you from poison.
Scrolls
 e - 2 scrolls of teleportation {unknown}
 f - a scroll of identify {unknown}
 j - a scroll of immolation {unknown}
 l - a scroll of blinking {unknown}
Potions
 c - a potion of might {unknown}
 d - 2 potions of haste {unknown}
 i - a potion of degeneration {unknown}
 m - a potion of invisibility {unknown}


   Skills:
 + Level 4.0 Fighting
 + Level 4.1 Axes
 + Level 3.0 Armour
 + Level 2.7 Dodging


You had 2 spell levels left.
You didn't know any spells.
Your spell library was empty.

Dungeon Overview and Level Annotations

Branches:
Dungeon (2/15)

Altars:


Innate Abilities, Weirdness & Mutations

You have a pair of horns on your head.
You reflexively headbutt those who attack you in melee.


Message History

There are monsters nearby!
You are too injured to fight recklessly!
Unknown command.
A red film seems to cover your vision as you go berserk!
You feel yourself moving faster!
You feel mighty! The gnoll hits you with a +0 club.
* * * LOW HITPOINT WARNING * * *
The quokka bites the fungus.
The gnoll barely misses you.
You barely miss the gnoll. You hit the gnoll. You hit the fungus.
You barely miss the gnoll.
A nearby fungus withers and dies.
The gnoll hits you with a +0 whip.
* * * LOW HITPOINT WARNING * * *
The gnoll hits you with a +0 club.
* * * LOW HITPOINT WARNING * * *
Unknown command.
You hit the gnoll. Your headbutt misses the gnoll.
The gnoll is moderately wounded.
You hit the fungus. You slash the gnoll!
You feel the power of Trog in you as your rage grows.
You kill the gnoll!
Trog accepts your kill.
You hear a splash.
You barely miss the gnoll. The gnoll barely misses you.
You furiously retaliate!
You headbutt the gnoll!
You kill the gnoll!
Trog accepts your kill. The gnoll hits you with a +0 whip!
* * * LOW HITPOINT WARNING * * *
Your Fighting skill increases to level 4!
Your Axes skill increases to level 4!
Your Armour skill increases to level 3!
You have reached level 3!
Your experience leads to an increase in your attributes!
Increase (S)trength, (I)ntelligence, or (D)exterity?
You feel stronger. x2
Unknown command.
You hit the gnoll.
The gnoll is heavily wounded.
You barely miss the quokka. You slash the fungus!
A nearby fungus withers and dies.
The quokka bites you.
You die...

## #. # . ###. .##
#...###..
#..........#
#..⌠~~~~.~.# #.~..
.P~.# #..r# #.⌠.# .#
#.)@# #.~.# #.#
#.g.# #.~.# #.#
#.~.###...# #.#
#.~.....P.# #.#
#.~⌠.⌠⌠⌠..# #.#
#.........#####.####
#..###..............
##. ##########.####
#. #.#


You could see a gnoll and a quokka.

Vanquished Creatures
  2 gnolls (D:2)
  2 endoplasms (D:1)
  A giant cockroach (D:1)
  2 hobgoblins
  A ball python (D:1)
  2 bats
  2 frilled lizards (D:1)
  2 rats
14 creatures vanquished.

Vanquished Creatures (others)
  2 fungi (D:2)
  2 plants (D:2)
4 creatures vanquished.

Grand Total: 18 creatures vanquished

Notes
Turn   | Place    | Note
-------+----------+-------------------------------------------
     0 | D:1      | LLlMATKO the Minotaur Berserker began the quest for the
                  | Orb.
     0 | D:1      | Reached XP level 1. HP: 19/19 MP: 0/0
   326 | D:1      | Reached XP level 2. HP: 23/27 MP: 1/1
   539 | D:2      | Identified the amulet "Wecomnax" {RegenMP rPois Int-3
                  | Dex+2}
   699 | D:2      | HP: 1/40 [gnoll/+0 whip (9)]
   700 | D:2      | Reached XP level 3. HP: 1/33 MP: 2/2
   700 | D:2      | Slain by a quokka

Illustrated notes

Levels and vault maps discovered:
D:1:      lightli_iron_boxes, layout_basic
D:2:      layout_basic, shapermc_ecumenical_altar_acropolis

Skill      XL: |  1  2 |
---------------+-------+-----
Fighting       | 4 |  4.0
Axes           | 4 |  4.1
Armour         | 3 |  3.0
Dodging        | |  2.7

Action                     || total
---------------------------++-------
  Melee: Hand axe          ||    33
         Headbutt          ||     6
 Invoke: Berserk           ||     1
 Armour: Animal skin       ||    16
  Dodge: Dodged            ||    23
